 Dungeon Crawl Stone Soup version 0.31-a0-232-gb1c03b2570 (webtiles) character file.

Game seed: 178868712262748523

25 qw the Shooter (level 3, -12/20 HPs)
             Began as a Gargoyle Hexslinger on July 7, 2023.
             Killed by divine providence
             ... invoked by an orc priest
              (15 damage)
             ... on level 3 of the Dungeon.
             The game lasted 00:00:19 (1607 turns).

qw the Shooter (Gargoyle Hexslinger)                Turns: 1607, Time: 00:00:20

Health: -12/20     AC:  8    Str: 11    XL:     3   Next: 4%
Magic:  4/4        EV: 10    Int: 13    God:
Gold:   163        SH:  0    Dex: 14    Spells: 3/4 levels left

rFire   . . .        Y - +1 sling
rCold   . . .        (no shield)
rNeg    + . .        i - +0 ring mail
rPois   inf          (no helmet)
rElec   +            (no cloak)
rCorr   .            (no gloves)
SInv    .            (no boots)
Will    +....        (no amulet)
Stlth   +            f - ring of willpower
HPRegen 0.23/turn    (no ring)
MPRegen 0.09/turn

%: no passive effects
@: no status effects
A: sickness immunity, AC +3, negative energy resistance 1, electricity
resistance, torment resistance 1, petrification resistance
a: no special abilities


You were on level 3 of the Dungeon.
You visited 1 branch of the dungeon, and saw 3 of its levels.

You collected 163 gold pieces.


Innate Abilities, Weirdness & Mutations

You are immune to sickness and miasma.
Your stone body is resilient. (AC +3)
You are immune to poison.
You resist negative energy. (rN+)
You are resistant to electric shocks. (rElec)
You are resistant to unholy torment.
You are immune to petrification.


   Skills:
 + Level 1.4 Fighting
 - Level 3.2 Ranged Weapons
 - Level 1.5 Dodging
 - Level 1.0 Spellcasting
 - Level 2.6 Hexes


You had 3 spell levels left.
You knew the following spells:

 Your Spells              Type           Power      Damage    Failure   Level
a - Slow                  Hex            28%        N/A       22%         1

Your spell library contained the following spells:

 Spells                   Type           Power      Damage    Failure   Level
 Inner Flame              Hex/Fire       4%         N/A       75%         3
 Portal Projectile        Hex/Tloc       8%         N/A       75%         3
 Cause Fear               Hex            3%         N/A       92%         4

Inventory:

Hand Weapons
 Y - a +1 sling (weapon)
Armour
 i - a +0 ring mail (worn)
Jewellery
 f - a ring of willpower (left hand)
Scrolls
 c - 3 scrolls of identify
Potions
 a - a potion of curing
 d - a potion of might
 h - a potion of haste

Dungeon Overview and Level Annotations

Branches:
Dungeon (3/15)

Altars:
Sif Muna


Message History

An orc comes into view. It is wielding a +0 hand axe.
A giant cockroach comes into view.
The giant cockroach moves out of view.
You shoot a sling bullet.
The sling bullet hits the orc priest but does no damage.
The orc priest is lightly wounded.
You shoot a sling bullet.
The sling bullet hits the orc priest but does no damage.
The orc priest is lightly wounded.
The orc priest closely misses you. x2
You shoot a sling bullet. The sling bullet hits the orc priest.
The orc priest is moderately wounded.
The orc priest barely misses you.
You shoot a sling bullet.
The sling bullet barely misses the orc priest.
The adder bites you but does no damage. The adder completely misses you.
The adder bites you but does no damage.
The orc priest hits you but does no damage.
The adder barely misses you.
You shoot a sling bullet. The sling bullet hits the orc priest.
The orc priest is heavily wounded.
The adder barely misses you. x2
The orc priest mumbles some strange prayers to Beogh against you.
Beogh smites you!
Ouch! That really hurt!
A dart slug comes into view.
The adder misses you. The adder bites you but does no damage.
The orc priest hits you with a +0 whip.
You shoot a sling bullet. The sling bullet hits the orc priest.
The orc priest is heavily wounded.
The adder barely misses you. The adder bites you.
The orc priest hits you but does no damage.
The adder bites you but does no damage. x2
You shoot a sling bullet.
The sling bullet closely misses the orc priest.
The adder closely misses you. The adder barely misses you.
The orc priest calls down the wrath of Beogh upon you.
Beogh smites you!
Ouch! That really hurt!
You die...

...... ..... .... B.. #
Bo ##.######g#
.:......oS# #
........@S#.# #
.#.####.###.#.#...#
...................
...........:..........
##...................¤
#.###..###..~¤~..._.¤.
#. #..#.....¤~~~..¤¤~
##.###..#.#......¤¤~¤~~
.............~....¤~~..


You could see an orc priest, 2 adders, an orc, 2 giant cockroaches and a goblin.

Vanquished Creatures
  An adder (D:2)
  2 endoplasms
  A giant cockroach (D:3)
  A goblin (D:2)
  2 hobgoblins
  A quokka (D:3)
  3 ball pythons
  2 frilled lizards
  2 rats (D:1)
15 creatures vanquished.

Notes
Turn   | Place    | Note
-------+----------+-------------------------------------------
     0 | D:1      | qw the Gargoyle Hexslinger began the quest for the Orb.
     0 | D:1      | Reached XP level 1. HP: 12/12 MP: 2/2
     0 | D:1      | 0 ||| qw: Version: 0.3-a-46-gb1f654a
     0 | D:1      | 0 ||| qw: Game counter: 2814
     0 | D:1      | 0 ||| qw: Melee chars always use a shield: true
     0 | D:1      | 0 ||| qw: God list: Okawaru
     0 | D:1      | 0 ||| qw: Allow faded altars: false
     0 | D:1      | 0 ||| qw: Do Orc after clearing Dungeon:15 true
     0 | D:1      | 0 ||| qw: Do second Lair branch before Depths: true
     0 | D:1      | 0 ||| qw: Lair rune preference: random
     0 | D:1      | 0 ||| qw: Goals: Normal
     0 | D:1      | 0 ||| PLANNING D:1-11
   843 | D:1      | 843 ||| UPGRADING to +0 ring mail.
   853 | D:1      | 853 ||| DROPPING +0 robe.
   854 | D:1      | 854 ||| READING scroll labelled PAEQAW UTIF.
   855 | D:1      | 855 ||| READING scroll labelled LUMASO CEKI.
   856 | D:1      | 856 ||| READING scroll labelled JUADWUR BOOTHRO.
   857 | D:1      | 857 ||| DRINKING 2 clear potions.
   858 | D:1      | 858 ||| DROPPING scroll of poison.
  1034 | D:2      | Reached XP level 2. HP: 16/16 MP: 3/3
  1283 | D:2      | Reached skill level 3 in Ranged Weapons
  1397 | D:2      | Identified the +1 scale mail of Zezurah {rPois Will++
                  | Int+3}
  1492 | D:2      | 1492 ||| UPGRADING to ring of willpower.
  1493 | D:2      | 1493 ||| READING 4 scrolls labelled XURAEKHLAFOE.
  1494 | D:2      | 1494 ||| READING scroll labelled LEABBAE FATHRO.
  1495 | D:2      | 1495 ||| READING 6 scrolls of identify.
  1495 | D:2      | 1495 ||| IDENTIFYING glowing pink potion
  1496 | D:2      | 1496 ||| READING 5 scrolls of identify.
  1496 | D:2      | 1496 ||| IDENTIFYING amethyst potion
  1497 | D:2      | 1497 ||| READING 4 scrolls of identify.
  1497 | D:2      | 1497 ||| IDENTIFYING yellow potion
  1498 | D:2      | 1498 ||| DROPPING 3 scrolls of summoning.
  1499 | D:2      | 1499 ||| DROPPING potion of brilliance.
  1517 | D:3      | 1517 ||| PLANNING SEWER
  1569 | D:3      | Found a shimmering blue altar of Sif Muna.
  1591 | D:3      | Reached XP level 3. HP: 20/20 MP: 4/4
  1606 | D:3      | HP: 3/20 [adder (3)]
  1607 | D:3      | Killed from afar by an orc priest

Levels and vault maps discovered:
D:1:      dpeg_arrival_tiny_i, layout_loops_corners
D:2:      cheibrodos_old_hovel, layout_loops_ring
D:3:      layout_basic, mainiacjoe_overflow_catch_the_wave,
          portal_sewer_entry_b, minmay_misc_feat_doors

Skill      XL: |  1  2 |
---------------+-------+-----
Ranged Weapons | 3 |  3.2
Fighting       | |  1.4
Dodging        | |  1.5
Spellcasting   | |  1.0
Hexes          | |  2.6

Action                     || total
---------------------------++-------
   Fire: Sling             ||    45
    Use: Scroll            ||     8
         Potion            ||     1
 Armour: Ring mail         ||    21
  Dodge: Dodged            ||    17

Table legend:
 A = Non-vault XP
 B = Vault XP
 C = Vault XP percentage of total XP
 D = Non-vault monster count
 E = Vault monster count
 F = Vault count percentage of total count
                 A         B        C        D         E       F
            +---------+---------+-------+---------+---------+-------
      Total |      34 |       2 |   5.6 |      14 |       1 |   6.7
            +---------+---------+-------+---------+---------+-------
        D:1 |       8 |       0 |   0.0 |       6 |       0 |   0.0
        D:2 |      20 |       2 |   9.1 |       5 |       1 |  16.7
        D:3 |       6 |       0 |   0.0 |       3 |       0 |   0.0
            +---------+---------+-------+---------+---------+-------
